 Dungeon Crawl Stone Soup version 0.31.0-11-ge490571c62 (webtiles) character file.

Game seed: 2832764372665352352

3990 Pooter the Cleaver (level 10, -1/90 HPs)
             Began as a Minotaur Berserker on Feb 3, 2024.
             Was an Elder of Trog.
             Slain by a two-headed ogre
             ... wielding a +0 dire flail of holy wrath
              (15 damage)
             ... on level 6 of the Dungeon.
             The game lasted 00:37:53 (8116 turns).

Pooter the Cleaver (Minotaur Berserker)             Turns: 8116, Time: 00:37:54

Health: -1/90      AC: 13    Str: 26    XL:     10   Next: 3%
Magic:  9/9        EV:  7    Int:  4    God:    Trog [****..]
Gold:   100        SH:  0    Dex: 10    Spells: 9/9 levels left

rFire   . . .        a - +5 battleaxe
rCold   . . .        (shield currently unavailable)
rNeg    . . .        G - +1 plate armour
rPois   .            i - +1 hat
rElec   .            (no cloak)
rCorr   .            (no gloves)
SInv    +            (no boots)
Will    .....        (no amulet) Stlth
                     e - ring of flight
HPRegen 0.35/turn    S - ring of see invisible
MPRegen 0.11/turn

%: no passive effects
@: mighty, on berserk cooldown, flying, slowed, very slow
A: horns 2, retaliatory headbutt
a: Renounce Religion, Berserk, Trog's Hand, Brothers in Arms


You were on level 6 of the Dungeon.
You worshipped Trog.
Trog was greatly pleased with you.
You visited 1 branch of the dungeon, and saw 6 of its levels.
You also visited: Sewer.

You collected 448 gold pieces.
You spent 348 gold pieces at shops.

Inventory:

Hand Weapons
 a - a +5 battleaxe (weapon)
   (You took it off a wight on level 6 of the Dungeon)
 b - a +0 arbalest
   (You found it on level 6 of the Dungeon)
 h - a +0 hand axe
 v - a +2 battleaxe of venom
   (You took it off an orc warrior on level 6 of the Dungeon)
 y - a +0 trident
   (You found it on level 2 of the Dungeon)
 A - a +3 scythe of flaming
   (You took it off Sigmund on level 4 of the Dungeon)
 B - a +1 flail of holy wrath
   (You took it off an orc on level 4 of the Dungeon)
 D - a +0 heavy dire flail
   (You found it on level 2 of the Dungeon)
 E - a +2 war axe of draining
   (You found it on level 6 of the Dungeon)
Missiles
 c - 6 boomerangs
 m - 40 poisoned darts
 u - 6 javelins (quivered)
 Q - 43 stones
Armour
 i - a +1 hat (worn)
   (You bought it in a shop on level 2 of the Dungeon)
 G - a +1 plate armour (worn)
   (You took it off an orc warrior on level 6 of the Dungeon)
Jewellery
 e - a ring of flight (left hand)
   (You found it on level 1 of the Dungeon)
 F - a ring of protection from fire
   (You found it on level 1 of the Dungeon)
 N - a ring of positive energy
   (You bought it in a shop on level 2 of the Dungeon)
 S - a ring of see invisible (right hand)
   (You found it on level 1 of the Dungeon)
Wands
 d - a wand of iceblast (3)
   (You found it in a sewer)
 f - a wand of flame (3)
   (You took it off a kobold brigand on level 5 of the Dungeon)
Scrolls
 n - a scroll of blinking
 o - a scroll of poison {!r}
 r - a scroll of silence
 s - 2 scrolls of immolation {!r}
 t - a scroll of teleportation {@r4}
 x - a scroll of fear
 z - a scroll of revelation
 C - a scroll of vulnerability {!r}
Potions
 g - 2 potions of enlightenment {unknown}
 j - 3 potions of heal wounds {@q2}
 k - 3 potions of mutation {!q}
 l - 3 potions of might
 p - 2 potions of experience {unknown}
 q - 2 potions of brilliance {unknown}
 w - a potion of invisibility {unknown}


   Skills:
 + Level 8.8 Fighting
 * Level 9.7(10.6) Axes
 - Level 6.7(9.2) Maces & Flails
 * Level 9.4 Ranged Weapons
 - Level 2.4 Armour
 - Level 2.1 Dodging


You had 9 spell levels left.
You didn't know any spells.
Your spell library was empty.

Dungeon Overview and Level Annotations

Branches:
Dungeon (6/15) Zot: 24669  Temple (0/1) D:5           Sewer (visited)

Altars:
Kikubaaqudgha

Shops:
D:2 [*=   D:4 !


Innate Abilities, Weirdness & Mutations

You have a pair of horns on your head.
You reflexively headbutt those who attack you in melee.


Message History

You feel strong-willed. The ogre hits you with a +0 giant club!
* * * LOW HITPOINT WARNING * * *
You slash the ogre!
You kill the ogre!
Trog accepts your kill.
You hear a splash.
The ogre hits you but does no damage.
You have reached level 10!
A red film seems to cover your vision as you go berserk!
You feel yourself moving faster!
You feel mighty!
The orc priest shouts!
Unknown command.
You slice the ogre!! The ogre hits you with a +0 giant club.
* * * LOW HITPOINT WARNING * * *
You slice the ogre!!
You feel the power of Trog in you as your rage grows.
You kill the ogre!
Trog accepts your kill.
You hear a splash.
A two-headed ogre comes into view.
It is wielding a +0 dire flail of holy wrath and a +0 giant club.
You feel a strong urge to attack something.
You feel your anger nearly subside.
You are no longer berserk.
You are exhausted.
You feel yourself slow down.
You feel the effects of Trog's Hand fading.
Your skin stops crawling.
You feel less strong-willed.
You feel very mighty all of a sudden.
You barely miss the two-headed ogre. You slash the plant!
The plant begins to die.
The two-headed ogre hits you with a +0 dire flail of holy wrath!
The two-headed ogre hits you with a +0 giant club.
You dice the two-headed ogre like an onion!!!
Your headbutt misses the two-headed ogre.
You slice the plant!!
The two-headed ogre hits you with a +0 dire flail of holy wrath.
The two-headed ogre completely misses you.
You completely miss the two-headed ogre.
You slash the plant!
A nearby plant withers and dies.
The two-headed ogre hits you with a +0 dire flail of holy wrath!
* * * LOW HITPOINT WARNING * * *
The two-headed ogre hits you with a +0 giant club!!
* * * LOW HITPOINT WARNING * * *
The two-headed ogre barely misses you.
The two-headed ogre hits you with a +0 giant club.
* * * LOW HITPOINT WARNING * * *
You slash the two-headed ogre!
The two-headed ogre hits you with a +0 dire flail of holy wrath!
You die...

########### ..........#
.....P....# ≈≈~~~~....#
≈≈≈≈≈≈....##############
#≈~....#......!......
#≈≈....#)##...#.###..
#≈~.@..#........###..
###≈~.O..#.##..........
#.≈≈≈....#.###....####.
#.~≈~..P.#.# ##.#.####.
#.~≈~....#.####†#......
#.~~~....#....)...#####
#.≈~~....######'###
#.#.~≈~....# ##<..##
#.#.~≈~....# ##.....##


You could see a two-headed ogre.

Vanquished Creatures
  A cyclops (D:6)
  Grinder (Sewer)
  Sigmund (D:4)
  Edmund (D:5)
  An ice beast (D:5)
  2 orc warriors (D:6)
  A black bear (D:6)
  9 ogres
  4 kobold brigands
  3 gnoll sergeants (D:6)
  A scorpion (D:6)
  5 wights (D:6)
  4 killer bees (D:5)
  6 howler monkeys
  A quasit (Sewer)
  2 hounds
  3 bombardier beetles
  3 orc priests
  3 sleepcaps
  2 iguanas
  Natasha (twice) (D:4)
  Robin (D:3)
  10 gnolls
  A river rat (D:3)
  6 adders
  3 shadow imps
  3 ufetubi (Sewer)
  3 ribbon worms
  3 dart slugs
  22 orcs
  12 ball pythons
  A bat zombie (Sewer)
  8 endoplasms
  6 giant cockroaches
  15 goblins
  8 hobgoblins
  4 jackals (D:4)
  15 kobolds
  6 quokkas
  6 bats
  7 frilled lizards
  7 rats
203 creatures vanquished.

Vanquished Creatures (others)
  An endoplasm (Sewer)
1 creature vanquished.

Grand Total: 204 creatures vanquished

Notes
Turn   | Place    | Note
-------+----------+-------------------------------------------
     0 | D:1      | Pooter the Minotaur Berserker began the quest for the Orb.
     0 | D:1      | Reached XP level 1. HP: 19/19 MP: 0/0
   150 | D:1      | Reached XP level 2. HP: 27/27 MP: 1/1
   628 | D:1      | Reached XP level 3. HP: 33/33 MP: 2/2
   743 | D:2      | Found Cilonn's Antique Armour Shop.
   795 | D:2      | Reached ** piety under Trog
   851 | D:2      | Found Kashrav's Jewellery Shop.
   931 | D:2      | You fall into a shaft and drop 2 floors!
   978 | D:4      | Reached skill level 5 in Axes
   978 | D:4      | Reached XP level 4. HP: 26/41 MP: 3/3
  1296 | D:3      | Noticed Robin
  1309 | D:3      | Killed Robin
  1310 | D:3      | Reached XP level 5. HP: 15/47 MP: 4/4
  1509 | D:3      | Reached skill level 5 in Fighting
  1509 | D:3      | Reached skill level 1 in Ranged Weapons
  1533 | D:3      | Found a glowing drain.
  1540 | Sewer    | Entered a sewer
  1541 | Sewer    | Reached *** piety under Trog
  1955 | Sewer    | Reached XP level 6. HP: 50/56 MP: 5/5
  2037 | Sewer    | Found a burning altar of Makhleb.
  2233 | Sewer    | Noticed Grinder
  2242 | Sewer    | Killed Grinder
  2243 | Sewer    | Reached XP level 7. HP: 62/62 MP: 6/6
  2816 | D:2      | Found an ancient bone altar of Kikubaaqudgha.
  2990 | D:2      | Found Himere's Assorted Antiques.
  2993 | D:2      | Bought a shiny agate ring for 105 gold pieces
  2993 | D:2      | Bought a glowing emerald potion for 18 gold pieces
  3432 | D:3      | Reached **** piety under Trog
  3767 | D:4      | Reached skill level 1 in Maces & Flails
  3848 | D:4      | Noticed Sigmund
  3854 | D:5      | Entered Level 5 of the Dungeon
  4088 | D:5      | Reached skill level 5 in Ranged Weapons
  4263 | D:4      | Killed Sigmund
  4264 | D:4      | Reached XP level 8. HP: 71/71 MP: 7/7
  4345 | D:4      | Noticed Natasha
  4356 | D:4      | Killed Natasha
  4507 | D:4      | Identified the +2 robe of the Cooper {rPois rC- rCorr
                  | Archmagi}
  4637 | D:4      | Noticed Natasha
  4642 | D:4      | Killed Natasha
  4749 | D:4      | Found Zaezal's Distillery.
  4757 | D:4      | Bought a potion of curing for 36 gold pieces
  4992 | D:5      | Found a staircase to the Ecumenical Temple.
  5022 | D:5      | Noticed Edmund
  5029 | D:5      | Killed Edmund
  5382 | D:5      | Reached skill level 5 in Maces & Flails
  6073 | D:6      | Reached XP level 9. HP: 63/79 MP: 8/8
  6982 | D:6      | Noticed a cyclops
  7023 | D:6      | Killed a cyclops
  7272 | D:2      | Bought a runed hat for 189 gold pieces
  8086 | D:6      | Reached XP level 10. HP: 28/90 MP: 9/9
  8088 | D:6      | Noticed a two-headed ogre
  8116 | D:6      | Slain by a two-headed ogre

Illustrated notes

Levels and vault maps discovered:
D:1:      arrival_zaba_pyramid, layout_basic, minivault_14
D:2:      minmay_thinvault, layout_loops_ring, serial_shops,
          nicolae_shop_tiny_waterfront, nicolae_shop_behind_doors,
          nicolae_shop_advertising_works [nicolae_subvault_shop_adworks],
          basic_altar, serial_bayou_ford_a
D:3:      layout_basic, gup_sewer_entry_bubbles, st_stairs_7,
          grunt_decor_arrowhead, uniq_robin
D:4:      layout_loops_ring, serial_shops, shop, uniq_natasha, uniq_sigmund
D:5:      nicolae_BIG_FREAKIN_CUBE, layout_cave_pods,
          minmay_temple_entry_mini_moons, blue_anna_alchemist, uniq_edmund
D:6:      lemuel_castle_with_subvaults [lemuel_castle_interior_original],
          layout_loops_corners

Skill      XL: |  1  2  3  4  5  6  7  8  9 |
---------------+----------------------------+-----
Axes           | 4 5 6 7 9 |  9.7
Fighting       | 4 5 6 7 8 |  8.8
Ranged Weapons | 2 3 5 7 9 |  9.4
Maces & Flails | 3 6 |  6.7
Armour         | |  2.4
Dodging        | |  2.1

Action                     |  1- 3 |  4- 6 |  7- 9 | 10-12 || total
---------------------------+-------+-------+-------+-------++-------
  Melee: Hand axe          |    73 |     9 |       |       ||    82
         Headbutt          |    13 |    13 |    25 |       ||    51
         Punch             |     2 |       |     1 |       ||     3
         Flail             |       |   109 |    60 |       ||   169
         Dire flail        |       |       |    73 |       ||    73
         Battleaxe         |       |       |    46 |     6 ||    52
         War axe           |       |       |    16 |       ||    16
   Fire: Sling             |       |     9 |    50 |       ||    59
         Arbalest          |       |       |    47 |       ||    47
  Throw: Stone             |       |       |     3 |       ||     3
         Javelin           |       |       |     5 |       ||     5
 Invoke: Trog's Hand       |       |     2 |     6 |       ||     8
         Berserk           |       |     3 |     6 |     1 ||    10
  Evoke: Wand              |       |       |     3 |       ||     3
    Use: Scroll            |       |       |    16 |       ||    16
         Potion            |       |       |     5 |     1 ||     6
 Armour: Animal skin       |    15 |       |       |       ||    15
         Chain mail        |    27 |   189 |   186 |       ||   402
         Plate armour      |       |       |    50 |     8 ||    58
  Dodge: Dodged            |    43 |   114 |   119 |     2 ||   278
